Chicago Blackhawks vs Nashville Predators

Created - samedi 1 décembre 2018 at 19:00

Goals
1 2 3 T
Chicago Blackhawks 0 0 1 1
Nashville Predators 0 2 0 2
Shots
1 2 3 T
Chicago Blackhawks 12 3 13 28
Nashville Predators 8 6 13 27

1st period

No Goal

Penalties :
No Penalty

2nd period

1. Nashville Predators , Filip Forsberg 13 (Ryan Johansen 19, Joe Thornton 12) at 18:02
2. Nashville Predators , Kevin Fiala 5 (Joe Thornton 13) at 19:14 (PP)

Penalties :
Connor Murphy (CHI) for Tripping (Minor) at 3:58, Ryan Johansen (NSH) for High sticking (Minor) at 15:39, Tanner Kero (CHI) for Hooking (Minor) at 18:24

3rd period

3. Chicago Blackhawks , Patrick Kane 8 (Anthony Mantha 7, Artem Anisimov 8) at 0:40

Penalties :
Shea Weber (NSH) for Holding (Minor) at 6:17, Anthony Mantha (CHI) for Holding (Minor) at 6:55, Mike Fisher (NSH) for Tripping (Minor) at 13:34

Goalie Stats

Corey Crawford (CHI), 25 saves from 27 shots - (0.926), L, 10-6-5, 59:17 minutes
Pekka Rinne (NSH), 27 saves from 28 shots - (0.964), W, 13-7-4, 60:00 minutes

Players Stats for Chicago Blackhawks

Player Name              G  A  P  +/- PIM S  H  SB GA TA FO     MP     PP MP  PK MP  
------------------------------------------------------------------------------------
Alex DeBrincat           0  0  0   0  0   4  0  0  0  0  1/2    14:15   2:08   0:00 
Andrew Ladd              0  0  0   0  0   3  2  0  0  1  0/0    15:50   0:08   2:27 
Anthony Mantha           0  1  1   0  2   3  5  0  0  0  1/5    16:24   2:19   0:37 
Artem Anisimov           0  1  1   1  0   0  1  0  0  0  6/13   13:46   0:08   1:03 
Brent Seabrook           0  0  0   1  0   2  0  0  0  1  0/0    20:33   2:57   1:02 
Connor Murphy            0  0  0   1  2   1  3  1  0  0  0/0    16:31   0:00   0:00 
David Kampf              0  0  0   0  0   1  2  1  0  0  3/5    14:01   2:08   0:00 
Denis Malgin             0  0  0   0  0   1  2  1  1  0  3/11   12:30   0:00   0:00 
Duncan Keith             0  0  0   0  0   1  1  2  0  2  0/0    26:16   2:57   2:16 
Jan Rutta                0  0  0  -1  0   0  0  1  0  0  0/0    15:46   1:39   0:00 
Nick Schmaltz            0  0  0  -1  0   1  2  0  0  0  1/5    18:08   2:20   1:00 
Patrick Kane             1  0  1   0  0   3  2  0  0  1  0/0    15:48   2:20   0:00 
Richard Panik            0  0  0   0  0   1  6  0  0  0  0/0    15:08   2:08   0:10 
Ryan Hartman             0  0  0   0  0   2  8  1  0  0  1/2    13:10   0:08   0:00 
Scott Mayfield           0  0  0   0  0   0  0  0  0  1  0/0    15:19   0:00   2:25 
Seth Jones               0  0  0  -1  0   4  4  1  0  0  0/0    24:54   1:39   1:11 
Tanner Kero              0  0  0   0  2   1  0  0  0  0  9/14   13:44   0:00   1:37 
Victor Ejdsell           0  0  0   0  0   0  4  1  0  0  4/9    13:06   0:00   0:00 

Players Stats for Nashville Predators

Player Name              G  A  P  +/- PIM S  H  SB GA TA FO     MP     PP MP  PK MP  
------------------------------------------------------------------------------------
Austin Watson            0  0  0   0  0   1  2  0  0  0  0/1    13:31   0:06   1:37 
Cam Atkinson             0  0  0   0  0   1  0  0  1  0  0/1    15:21   1:41   0:00 
Colin Wilson             0  0  0  -1  0   1  2  0  0  0  0/0    14:28   0:06   2:08 
Colton Sissons           0  0  0  -1  0   5  2  0  1  0  6/12   14:53   0:00   1:36 
Craig Smith              0  0  0   0  0   0  0  0  3  0  0/1    14:59   1:40   0:00 
Filip Forsberg           1  0  1   1  0   4  3  1  0  0  0/0    17:24   1:41   1:03 
Gabriel Bourque          0  0  0   0  0   0  1  0  0  0  0/0    10:38   0:03   0:05 
Joe Thornton             0  2  2   1  0   2  1  1  0  0  9/18   16:16   1:43   1:12 
Kevin Fiala              1  0  1   0  0   2  0  1  1  0  1/1    14:15   1:34   0:00 
Kyle Quincey             0  0  0   0  0   0  1  1  0  0  0/0    16:23   0:57   0:26 
Matt Irwin               0  0  0   0  0   0  2  0  0  0  0/0    15:42   0:00   2:18 
Mattias Ekholm           0  0  0   0  0   1  1  0  0  1  0/0    23:16   1:20   2:18 
Mike Fisher              0  0  0   0  2   3  1  0  0  0  9/12   13:14   0:00   1:14 
Roman Josi               0  0  0  -1  0   4  1  2  0  0  0/0    24:26   2:30   2:44 
Ryan Johansen            0  1  1   1  2   2  3  0  0  0  11/17  16:48   1:41   0:17 
Scott Hartnell           0  0  0  -1  0   0  2  0  0  0  1/3    12:08   0:00   0:00 
Shea Weber               0  0  0   1  2   0  4  1  0  0  0/0    22:09   2:04   1:26 
Yannick Weber            0  0  0   0  0   1  1  0  0  0  0/0    18:09   0:09   0:00 

3 Stars

1 - Pekka Rinne (NSH)
2 - Filip Forsberg (NSH)
3 - Joe Thornton (NSH)

Power Play

Chicago Blackhawks - 0 on 3 Attempt(s) - 0.00%
Nashville Predators - 1 on 3 Attempt(s) - 33.33%

Penalty Kill

Chicago Blackhawks - 2 on 3 Attempt(s) - 66.67% - Score 0 goal in Penalty Kill
Nashville Predators - 3 on 3 Attempt(s) - 100.00% - Score 0 goal in Penalty Kill

Team Stat

Chicago Blackhawks - Hits : 42 - Faceoff Wins : 29 - Blocked Shots : 9 - Penalty Minutes : 6
Nashville Predators - Hits : 27 - Faceoff Wins : 37 - Blocked Shots : 7 - Penalty Minutes : 6

Official

Referees : Francois St Laurent and Dan O'Rourke
Linesman : David Brisebois and Steve Miller

Game Notes

No Game Note

Finance

Level 1 -- Attendance: 10000 (100.00%) -- Ticket Income fr. 800'000
Level 2 -- Attendance: 1567 (78.35%) -- Ticket Income fr. 101'855
Level 3 -- Attendance: 2874 (82.11%) -- Ticket Income fr. 100'590
Level 4 -- Attendance: 1331 (91.79%) -- Ticket Income fr. 26'620
Luxury Box -- Attendance: 44 (88.00%) -- Ticket Income fr. 8'800
Game was played at the Bridgestone Arena.
Total Attendance: 15816 (93.04%)
Total Ticket Income: fr. 1'037'865
Total Income: fr. 1'037'865

Chicago Blackhawks

5 vs 5 Forward 
   Center                   Left Wing                Right Wing               Time % Phy DF OF 
 1 Artem Anisimov           Anthony Mantha           Patrick Kane             26     0   0  5  
 2 Denis Malgin             Alex DeBrincat           Richard Panik            25     0   0  5  
 3 Victor Ejdsell           Nick Schmaltz            Ryan Hartman             25     0   2  3  
 4 Tanner Kero              Andrew Ladd              David Kampf              24     0   3  2  

5 vs 5 Defense 
   Defense                  Defense                                           Time % Phy DF OF 
 1 Seth Jones               Duncan Keith                                      32     0   3  2  
 2 Brent Seabrook           Connor Murphy                                     31     0   4  1  
 3 Jan Rutta                Scott Mayfield                                    27     0   4  1  
 4 Duncan Keith             Seth Jones                                        10     0   4  1  

PowerPlay Forward 
   Center                   Left Wing                Right Wing               Time % Phy DF OF 
 1 Nick Schmaltz            Anthony Mantha           Patrick Kane             50     0   0  5  
 2 David Kampf              Alex DeBrincat           Richard Panik            50     0   1  4  

PowerPlay Defense
   Defense                  Defense                                           Time % Phy DF OF 
 1 Brent Seabrook           Duncan Keith                                      60     0   0  5  
 2 Seth Jones               Jan Rutta                                         40     0   1  4  

Penalty Kill 4 Players Forward 
   Center                   Wing                     Time % Phy DF OF 
 1 Tanner Kero              Andrew Ladd              60     0   5  0  
 2 Artem Anisimov           Nick Schmaltz            40     0   5  0  

Penalty Kill 4 Players Defense
   Defense                  Defense                  Time % Phy DF OF 
 1 Duncan Keith             Scott Mayfield           60     0   5  0  
 2 Brent Seabrook           Seth Jones               40     0   5  0  

Penalty Kill - 3 Players Forward 
   Forward                                           Time % Phy DF OF 
 1 Tanner Kero                                       60     0   5  0  
 2 David Kampf                                       40     0   5  0  

Penalty Kill - 3 Players Defense
   Defense                  Defense                  Time % Phy DF OF 
 1 Duncan Keith             Scott Mayfield           60     0   5  0  
 2 Jan Rutta                Brent Seabrook           40     0   5  0  

4 vs 4 Forward 
   Center                   Wing                     Time % Phy DF OF 
 1 Artem Anisimov           Richard Panik            50     0   2  3  
 2 Victor Ejdsell           Nick Schmaltz            50     0   2  3  

4 vs 4 Defense
   Defense                  Defense                  Time % Phy DF OF 
 1 Brent Seabrook           Duncan Keith             50     0   3  2  
 2 Jan Rutta                Seth Jones               50     0   3  2  

Last Minutes Offensive
   Center                   Left Wing                Right Wing               Defense                  Defense                  
   Anthony Mantha           Nick Schmaltz            Patrick Kane             Seth Jones               Duncan Keith             

Last Minutes Defensive
   Center                   Left Wing                Right Wing               Defense                  Defense                  
   Anthony Mantha           Nick Schmaltz            Patrick Kane             Seth Jones               Duncan Keith             

Goaltenders
Starting : Corey Crawford           
Backup : Antti Raanta             

Extra Forwards
Normal : Patrick Kane, Artem Anisimov, Nick Schmaltz - PP : Nick Schmaltz, Patrick Kane - PK : Nick Schmaltz
Extra Defensemen
Normal : Brent Seabrook, Seth Jones, Duncan Keith - PP : Brent Seabrook - PK : Brent Seabrook, Seth Jones
Penalty Shots
Anthony Mantha, Nick Schmaltz, Richard Panik, Patrick Kane, Alex DeBrincat
Custom OT Lines Forwards
David Kampf, Patrick Kane, Nick Schmaltz, Artem Anisimov, Richard Panik, Ryan Hartman, Alex DeBrincat, Anthony Mantha, Andrew Ladd, Denis Malgin
Custom OT Lines Defensemen
Brent Seabrook, Seth Jones, Duncan Keith, Jan Rutta, Scott Mayfield

Scratches
Jonathan Toews (Sprained Right Finger Injury), Marcus Kruger (Torso Injury), Michal Kempny (Healthy)

Nashville Predators

5 vs 5 Forward 
   Center                   Left Wing                Right Wing               Time % Phy DF OF 
 1 Ryan Johansen            Filip Forsberg           Cam Atkinson             28     0   1  4  
 2 Joe Thornton             Kevin Fiala              Craig Smith              27     0   2  3  
 3 Colton Sissons           Scott Hartnell           Colin Wilson             25     1   2  2  
 4 Mike Fisher              Gabriel Bourque          Austin Watson            20     2   2  1  

5 vs 5 Defense 
   Defense                  Defense                                           Time % Phy DF OF 
 1 Roman Josi               Mattias Ekholm                                    34     1   2  2  
 2 Yannick Weber            Shea Weber                                        34     1   2  2  
 3 Kyle Quincey             Matt Irwin                                        27     1   2  2  
 4 Shea Weber               Roman Josi                                        5      1   2  2  

PowerPlay Forward 
   Center                   Left Wing                Right Wing               Time % Phy DF OF 
 1 Ryan Johansen            Filip Forsberg           Cam Atkinson             50     0   0  5  
 2 Joe Thornton             Kevin Fiala              Craig Smith              50     0   0  5  

PowerPlay Defense
   Defense                  Defense                                           Time % Phy DF OF 
 1 Mattias Ekholm           Roman Josi                                        50     0   1  4  
 2 Shea Weber               Roman Josi                                        50     0   1  4  

Penalty Kill 4 Players Forward 
   Center                   Wing                     Time % Phy DF OF 
 1 Colton Sissons           Austin Watson            50     1   4  0  
 2 Mike Fisher              Colin Wilson             50     1   4  0  

Penalty Kill 4 Players Defense
   Defense                  Defense                  Time % Phy DF OF 
 1 Matt Irwin               Roman Josi               50     0   5  0  
 2 Shea Weber               Mattias Ekholm           50     0   5  0  

Penalty Kill - 3 Players Forward 
   Forward                                           Time % Phy DF OF 
 1 Mike Fisher                                       50     0   5  0  
 2 Colton Sissons                                    50     0   5  0  

Penalty Kill - 3 Players Defense
   Defense                  Defense                  Time % Phy DF OF 
 1 Matt Irwin               Roman Josi               50     0   5  0  
 2 Shea Weber               Mattias Ekholm           50     0   5  0  

4 vs 4 Forward 
   Center                   Wing                     Time % Phy DF OF 
 1 Ryan Johansen            Filip Forsberg           50     1   4  0  
 2 Joe Thornton             Craig Smith              50     1   4  0  

4 vs 4 Defense
   Defense                  Defense                  Time % Phy DF OF 
 1 Mattias Ekholm           Roman Josi               50     0   5  0  
 2 Shea Weber               Kyle Quincey             50     0   5  0  

Last Minutes Offensive
   Center                   Left Wing                Right Wing               Defense                  Defense                  
   Joe Thornton             Filip Forsberg           Cam Atkinson             Shea Weber               Roman Josi               

Last Minutes Defensive
   Center                   Left Wing                Right Wing               Defense                  Defense                  
   Mike Fisher              Colton Sissons           Austin Watson            Mattias Ekholm           Roman Josi               

Goaltenders
Starting : Pekka Rinne              
Backup : Juuse Saros              

Extra Forwards
Normal : Filip Forsberg, Mike Fisher, Craig Smith - PP : Joe Thornton, Ryan Johansen - PK : Mike Fisher
Extra Defensemen
Normal : Yannick Weber, Shea Weber, Mattias Ekholm - PP : Roman Josi - PK : Roman Josi, Shea Weber
Penalty Shots
Cam Atkinson, Filip Forsberg, Kevin Fiala, Craig Smith, Joe Thornton
Custom OT Lines Forwards
Ryan Johansen, Filip Forsberg, Joe Thornton, Kevin Fiala, Mike Fisher, Gabriel Bourque, Colton Sissons, Craig Smith, Austin Watson, Colin Wilson
Custom OT Lines Defensemen
Roman Josi, Mattias Ekholm, Shea Weber, Yannick Weber, Kyle Quincey

Scratches
Anthony Bitetto (Healthy), Calle Jarnkrok (Healthy), John Hayden (Healthy)

% Time on Ice - Chicago Blackhawks

Lines # - Real PCT - Wanted PCT - Time Play
Normal Forward
1 - 24% - 26% - 11:57
2 - 27% - 25% - 13:33
3 - 25% - 25% - 12:16
4 - 24% - 24% - 11:41
Normal Defense
1 - 31% - 32% - 15:32
2 - 34% - 31% - 16:41
3 - 28% - 27% - 13:57
4 - 7% - 10% - 3:17
PP Forward
1 - 51% - 50% - 2:20
2 - 49% - 50% - 2:16
PP Defense
1 - 64% - 60% - 2:57
2 - 36% - 40% - 1:39
PK Forward
1 - 94% - 60% - 3:14
2 - 6% - 40% - 0:13
PK Defense
1 - 71% - 60% - 2:28
2 - 29% - 40% - 0:59
PK3 Forward
1 - 0% - 60%
2 - 0% - 40%
PK3 Defense
1 - 0% - 60%
2 - 0% - 40%
44 Forward
1 - 53% - 50% - 0:43
2 - 47% - 50% - 0:38
44 Defense
1 - 51% - 50% - 0:41
2 - 49% - 50% - 0:40
Last Minute Offensive  - 1:09
Last Minute Defensive  - 0:00
Total
Forward - 60:00
Defense - 60:00

% Time on Ice - Nashville Predators

Lines # - Real PCT - Wanted PCT - Time Play
Normal Forward
1 - 28% - 28% - 13:57
2 - 27% - 27% - 13:19
3 - 25% - 25% - 12:08
4 - 20% - 20% - 10:03
Normal Defense
1 - 33% - 34% - 16:12
2 - 37% - 34% - 18:32
3 - 26% - 27% - 12:55
4 - 4% - 5% - 1:48
PP Forward
1 - 49% - 50% - 1:41
2 - 51% - 50% - 1:46
PP Defense
1 - 39% - 50% - 1:20
2 - 61% - 50% - 2:07
PK Forward
1 - 41% - 50% - 1:52
2 - 59% - 50% - 2:44
PK Defense
1 - 50% - 50% - 2:18
2 - 50% - 50% - 2:18
PK3 Forward
1 - 0% - 50%
2 - 0% - 50%
PK3 Defense
1 - 0% - 50%
2 - 0% - 50%
44 Forward
1 - 53% - 50% - 0:43
2 - 47% - 50% - 0:38
44 Defense
1 - 52% - 50% - 0:42
2 - 48% - 50% - 0:39
Last Minute Offensive  - 0:00
Last Minute Defensive  - 1:09
Total
Forward - 60:00
Defense - 60:00

Play-by-Play

1st period


0:01 of 1st period - Ryan Johansen wins face-off versus Artem Anisimov in neutral zone.
0:11 of 1st period - Icing by Duncan Keith.
0:12 of 1st period - Artem Anisimov wins face-off versus Joe Thornton in Chicago Blackhawks zone.
0:20 of 1st period - Icing by Seth Jones.
0:21 of 1st period - Joe Thornton wins face-off versus Artem Anisimov in Chicago Blackhawks zone.
0:46 of 1st period - Wrist shot by Kevin Fiala.
0:46 of 1st period - Deflect By Joe Thornton.
0:46 of 1st period - Stopped by Corey Crawford without a rebound.
0:47 of 1st period - Colton Sissons wins face-off versus Denis Malgin in Chicago Blackhawks zone.
0:50 of 1st period - Wrist shot by Colin Wilson.
0:50 of 1st period - Stopped by Corey Crawford without a rebound.
0:51 of 1st period - Colton Sissons wins face-off versus Denis Malgin in Chicago Blackhawks zone.
1:23 of 1st period - Wrist shot by Austin Watson.
1:23 of 1st period - Deflect By Mike Fisher.
1:23 of 1st period - Shot Misses the Net.
1:23 of 1st period - Puck is out of play.
1:24 of 1st period - Ryan Johansen wins face-off versus Tanner Kero in Chicago Blackhawks zone.
1:25 of 1st period - Slapshot by Cam Atkinson.
1:25 of 1st period - Shot Misses the Net.
1:54 of 1st period - Victor Ejdsell is hit by Yannick Weber and loses puck.
2:48 of 1st period - Snap shot by Cam Atkinson.
2:48 of 1st period - Deflect By Filip Forsberg.
2:48 of 1st period - Stopped by Corey Crawford with a rebound.
3:10 of 1st period - Snap shot by Austin Watson.
3:10 of 1st period - Stopped by Corey Crawford without a rebound.
3:11 of 1st period - Mike Fisher wins face-off versus David Kampf in Chicago Blackhawks zone.
3:52 of 1st period - Slapshot by Andrew Ladd.
3:52 of 1st period - Shot Misses the Net.
3:54 of 1st period - Snap shot by Tanner Kero.
3:54 of 1st period - Stopped by Pekka Rinne with a rebound.
3:56 of 1st period - Wrist shot by Andrew Ladd.
3:56 of 1st period - Stopped by Pekka Rinne with a rebound.
4:06 of 1st period - Snap shot by Andrew Ladd.
4:06 of 1st period - Shot Misses the Net.
4:57 of 1st period - Wrist shot by Mike Fisher.
4:57 of 1st period - Stopped by Corey Crawford with a rebound.
5:09 of 1st period - Snap shot by David Kampf.
5:09 of 1st period - Shot Misses the Net.
5:27 of 1st period - Wrist shot by Andrew Ladd.
5:27 of 1st period - Shot Misses the Net.
5:29 of 1st period - Slapshot by Brent Seabrook.
5:29 of 1st period - Stopped by Pekka Rinne with a rebound.
5:31 of 1st period - Snap shot by Connor Murphy.
5:31 of 1st period - Stopped by Pekka Rinne without a rebound.
5:32 of 1st period - Denis Malgin wins face-off versus Colton Sissons in Nashville Predators zone.
5:33 of 1st period - Slapshot by Alex DeBrincat.
5:33 of 1st period - Stopped by Pekka Rinne without a rebound.
5:34 of 1st period - Alex DeBrincat wins face-off versus Colton Sissons in Nashville Predators zone.
6:24 of 1st period - Snap shot by Anthony Mantha.
6:24 of 1st period - Stopped by Pekka Rinne with a rebound.
6:26 of 1st period - Slapshot by Seth Jones.
6:26 of 1st period - Stopped by Pekka Rinne without a rebound.
6:27 of 1st period - Scott Hartnell wins face-off versus Denis Malgin in Nashville Predators zone.
7:25 of 1st period - Filip Forsberg is hit by Patrick Kane and loses puck.
7:42 of 1st period - Wrist shot by Filip Forsberg.
7:42 of 1st period - Stopped by Corey Crawford without a rebound.
7:43 of 1st period - Colton Sissons wins face-off versus Denis Malgin in Chicago Blackhawks zone.
7:44 of 1st period - Slapshot by Roman Josi.
7:44 of 1st period - Stopped by Corey Crawford with a rebound.
7:46 of 1st period - Snap shot by Mattias Ekholm.
7:46 of 1st period - Stopped by Corey Crawford with a rebound.
7:48 of 1st period - Snap shot by Roman Josi.
7:48 of 1st period - Shot Blocked by Denis Malgin.
7:58 of 1st period - Snap shot by Scott Hartnell.
7:58 of 1st period - Shot Blocked by Duncan Keith.
8:10 of 1st period - Kevin Fiala is hit by Ryan Hartman and loses puck.
8:32 of 1st period - Filip Forsberg is hit by Connor Murphy and loses puck.
8:39 of 1st period - Anthony Mantha is hit by Filip Forsberg and loses puck.
9:58 of 1st period - Filip Forsberg is hit by Victor Ejdsell and loses puck.
10:16 of 1st period - Yannick Weber is hit by Andrew Ladd and loses puck.
10:29 of 1st period - Matt Irwin is hit by Anthony Mantha and loses puck.
10:42 of 1st period - Austin Watson is hit by Richard Panik and loses puck.
10:49 of 1st period - Duncan Keith is hit by Austin Watson and loses puck.
11:49 of 1st period - Snap shot by Denis Malgin.
11:49 of 1st period - Shot Misses the Net.
12:39 of 1st period - Roman Josi is hit by Ryan Hartman and loses puck.
12:54 of 1st period - Joe Thornton is hit by Anthony Mantha and loses puck.
13:07 of 1st period - Shea Weber is hit by David Kampf and loses puck.
13:14 of 1st period - Duncan Keith is hit by Ryan Johansen and loses puck.
13:25 of 1st period - Colton Sissons is hit by Richard Panik and loses puck.
13:46 of 1st period - Wrist shot by Patrick Kane.
13:46 of 1st period - Stopped by Pekka Rinne with a rebound.
13:56 of 1st period - Shea Weber is hit by Victor Ejdsell and loses puck.
14:11 of 1st period - Connor Murphy is hit by Scott Hartnell and loses puck.
14:32 of 1st period - Filip Forsberg is hit by Denis Malgin and loses puck.
15:01 of 1st period - Gabriel Bourque is hit by Victor Ejdsell.
15:05 of 1st period - Nick Schmaltz is hit by Gabriel Bourque and loses puck.
15:20 of 1st period - Ryan Johansen is hit by Richard Panik and loses puck.
15:25 of 1st period - Wrist shot by Alex DeBrincat.
15:25 of 1st period - Stopped by Pekka Rinne without a rebound.
15:26 of 1st period - Tanner Kero wins face-off versus Joe Thornton in Nashville Predators zone.
15:29 of 1st period - Snap shot by Patrick Kane.
15:29 of 1st period - Stopped by Pekka Rinne with a rebound.
15:31 of 1st period - Slapshot by Tanner Kero.
15:31 of 1st period - Shot Misses the Net.
15:33 of 1st period - Slapshot by Anthony Mantha.
15:33 of 1st period - Stopped by Pekka Rinne without a rebound.
15:34 of 1st period - Joe Thornton wins face-off versus Tanner Kero in Nashville Predators zone.
15:43 of 1st period - Wrist shot by Patrick Kane.
15:43 of 1st period - Deflect By David Kampf.
15:43 of 1st period - Shot Misses the Net.
15:43 of 1st period - Puck is out of play.
15:44 of 1st period - Denis Malgin wins face-off versus Ryan Johansen in Nashville Predators zone.
15:53 of 1st period - Snap shot by Richard Panik.
15:53 of 1st period - Shot Hit the Post.
16:13 of 1st period - Snap shot by Anthony Mantha.
16:13 of 1st period - Shot Misses the Net.
16:15 of 1st period - Slapshot by Jan Rutta.
16:15 of 1st period - Shot Blocked by Roman Josi.
16:19 of 1st period - Slapshot by Anthony Mantha.
16:19 of 1st period - Shot Misses the Net.
16:21 of 1st period - Slapshot by Scott Mayfield.
16:21 of 1st period - Shot Blocked by Roman Josi.
17:13 of 1st period - Brent Seabrook is hit by Ryan Johansen and loses puck.
17:18 of 1st period - Snap shot by Ryan Johansen.
17:18 of 1st period - Deflect By Cam Atkinson.
17:18 of 1st period - Shot Blocked by Connor Murphy.
17:18 of 1st period - Puck is out of play.
17:19 of 1st period - Joe Thornton wins face-off versus Artem Anisimov in Chicago Blackhawks zone.
17:20 of 1st period - Snap shot by Craig Smith.
17:20 of 1st period - Shot Misses the Net.
18:42 of 1st period - Wrist shot by Alex DeBrincat.
18:42 of 1st period - Stopped by Pekka Rinne with a rebound.
18:52 of 1st period - Slapshot by Denis Malgin.
18:52 of 1st period - Shot Hit the Post.
19:14 of 1st period - Wrist shot by Cam Atkinson.
19:14 of 1st period - Deflect By Ryan Johansen.
19:14 of 1st period - Shot Misses the Net.
19:14 of 1st period - Puck is out of play.
19:15 of 1st period - Artem Anisimov wins face-off versus Ryan Johansen in Chicago Blackhawks zone.
19:31 of 1st period - Snap shot by Ryan Johansen.
19:31 of 1st period - Deflect By Filip Forsberg.
19:31 of 1st period - Shot Misses the Net.
19:31 of 1st period - Puck is out of play.
19:32 of 1st period - Joe Thornton wins face-off versus Victor Ejdsell in Chicago Blackhawks zone.
19:37 of 1st period - Snap shot by Kevin Fiala.
19:37 of 1st period - Shot Misses the Net.
Goals for this period are 0 for Chicago Blackhawks vs 0 for Nashville Predators.
Shots for this period are 12 for Chicago Blackhawks vs 8 for Nashville Predators.

2nd period


0:01 of 2nd period - Ryan Johansen wins face-off versus Victor Ejdsell in neutral zone.
0:25 of 2nd period - Icing by Seth Jones.
0:26 of 2nd period - Artem Anisimov wins face-off versus Scott Hartnell in Chicago Blackhawks zone.
0:58 of 2nd period - Seth Jones is hit by Shea Weber and loses puck.
1:37 of 2nd period - Wrist shot by Anthony Mantha.
1:37 of 2nd period - Stopped by Pekka Rinne with a rebound.
1:47 of 2nd period - Slapshot by Roman Josi.
1:47 of 2nd period - Shot Misses the Net.
2:33 of 2nd period - David Kampf is hit by Filip Forsberg and loses puck.
2:50 of 2nd period - Kyle Quincey is hit by Anthony Mantha and loses puck.
3:22 of 2nd period - Duncan Keith is hit by Colton Sissons and loses puck.
3:35 of 2nd period - Snap shot by Cam Atkinson.
3:35 of 2nd period - Shot Misses the Net.
3:37 of 2nd period - Snap shot by Yannick Weber.
3:37 of 2nd period - Stopped by Corey Crawford without a rebound.
3:38 of 2nd period - Victor Ejdsell wins face-off versus Joe Thornton in Chicago Blackhawks zone.
3:43 of 2nd period - Joe Thornton is hit by Nick Schmaltz and loses puck.
3:58 of 2nd period - Minor Penalty to Connor Murphy for Tripping.
3:59 of 2nd period - Tanner Kero wins face-off versus Cam Atkinson in Chicago Blackhawks zone.
4:30 of 2nd period - Tanner Kero is hit by Joe Thornton and loses puck.
4:43 of 2nd period - Artem Anisimov is hit by Shea Weber and loses puck.
4:56 of 2nd period - Snap shot by Nick Schmaltz.
4:56 of 2nd period - Shot Blocked by Kyle Quincey.
4:58 of 2nd period - Snap shot by Nick Schmaltz.
4:58 of 2nd period - Shot Blocked by Joe Thornton.
5:00 of 2nd period - Slapshot by Duncan Keith.
5:00 of 2nd period - Shot Blocked by Shea Weber.
5:58 of 2nd period - Penalty to Connor Murphy is over, Connor Murphy is back on ice.
6:09 of 2nd period - Connor Murphy is hit by Colin Wilson and loses puck.
6:25 of 2nd period - Scott Hartnell is hit by Richard Panik and loses puck.
6:41 of 2nd period - Yannick Weber is hit by Nick Schmaltz and loses puck.
7:06 of 2nd period - Matt Irwin is hit by Denis Malgin and loses puck.
8:44 of 2nd period - Alex DeBrincat is hit by Colin Wilson and loses puck.
9:09 of 2nd period - Mattias Ekholm is hit by Ryan Hartman and loses puck.
9:32 of 2nd period - Duncan Keith is hit by Austin Watson and loses puck.
10:07 of 2nd period - Filip Forsberg is hit by Connor Murphy.
10:23 of 2nd period - Connor Murphy is hit by Mike Fisher.
10:40 of 2nd period - Colin Wilson is hit by Anthony Mantha and loses puck.
10:51 of 2nd period - Mattias Ekholm is hit by Ryan Hartman and loses puck.
11:20 of 2nd period - Wrist shot by Filip Forsberg.
11:20 of 2nd period - Shot Misses the Net.
11:22 of 2nd period - Slapshot by Yannick Weber.
11:22 of 2nd period - Deflect By Cam Atkinson.
11:22 of 2nd period - Shot Blocked by Victor Ejdsell.
11:22 of 2nd period - Puck is out of play.
11:23 of 2nd period - Mike Fisher wins face-off versus Victor Ejdsell in Chicago Blackhawks zone.
11:59 of 2nd period - Jan Rutta is hit by Matt Irwin.
12:38 of 2nd period - Wrist shot by Colton Sissons.
12:38 of 2nd period - Stopped by Corey Crawford without a rebound.
12:39 of 2nd period - Tanner Kero wins face-off versus Scott Hartnell in Chicago Blackhawks zone.
12:44 of 2nd period - Snap shot by Seth Jones.
12:44 of 2nd period - Stopped by Pekka Rinne without a rebound.
12:45 of 2nd period - Tanner Kero wins face-off versus Colton Sissons in Nashville Predators zone.
13:27 of 2nd period - Icing by Ryan Johansen.
13:28 of 2nd period - Ryan Johansen wins face-off versus Denis Malgin in Nashville Predators zone.
13:44 of 2nd period - Off-side.
13:45 of 2nd period - Tanner Kero wins face-off versus Ryan Johansen in neutral zone.
13:58 of 2nd period - Slapshot by Shea Weber.
13:58 of 2nd period - Shot Blocked by Duncan Keith.
14:00 of 2nd period - Snap shot by Cam Atkinson.
14:00 of 2nd period - Shot Misses the Net.
14:10 of 2nd period - Joe Thornton is hit by Anthony Mantha and loses puck.
14:56 of 2nd period - Icing by Gabriel Bourque.
14:57 of 2nd period - Mike Fisher wins face-off versus Victor Ejdsell in Nashville Predators zone.
15:18 of 2nd period - Snap shot by Ryan Hartman.
15:18 of 2nd period - Stopped by Pekka Rinne without a rebound.
15:19 of 2nd period - Ryan Johansen wins face-off versus David Kampf in Nashville Predators zone.
15:39 of 2nd period - Minor Penalty to Ryan Johansen for High sticking.
15:40 of 2nd period - Nick Schmaltz wins face-off versus Colton Sissons in Nashville Predators zone.
16:54 of 2nd period - Patrick Kane is hit by Shea Weber and loses puck.
17:36 of 2nd period - Seth Jones is hit by Shea Weber and loses puck.
17:39 of 2nd period - Penalty to Ryan Johansen is over, Ryan Johansen is back on ice.
18:02 of 2nd period - Slapshot by Filip Forsberg.
18:02 of 2nd period - Goal by Filip Forsberg - Chicago Blackhawks : 0 - Nashville Predators : 1.
18:03 of 2nd period - Colton Sissons wins face-off versus Tanner Kero in neutral zone.
18:06 of 2nd period - Snap shot by Colin Wilson.
18:06 of 2nd period - Deflect By Colton Sissons.
18:06 of 2nd period - Stopped by Corey Crawford with a rebound.
18:24 of 2nd period - Minor Penalty to Tanner Kero for Hooking.
18:25 of 2nd period - Joe Thornton wins face-off versus Nick Schmaltz in Chicago Blackhawks zone.
18:38 of 2nd period - Slapshot by Joe Thornton.
18:38 of 2nd period - Deflect By Nick Schmaltz.
18:38 of 2nd period - Shot Misses the Net.
18:38 of 2nd period - Puck is out of play.
18:39 of 2nd period - Ryan Johansen wins face-off versus Nick Schmaltz in Chicago Blackhawks zone.
19:10 of 2nd period - Slapshot by Joe Thornton.
19:10 of 2nd period - Shot Misses the Net.
19:12 of 2nd period - Slapshot by Kevin Fiala.
19:12 of 2nd period - Stopped by Corey Crawford with a rebound.
19:14 of 2nd period - Wrist shot by Kevin Fiala.
19:14 of 2nd period - Goal by Kevin Fiala - Chicago Blackhawks : 0 - Nashville Predators : 2.
19:15 of 2nd period - Artem Anisimov wins face-off versus Joe Thornton in neutral zone.
Goals for this period are 0 for Chicago Blackhawks vs 2 for Nashville Predators.
Shots for this period are 3 for Chicago Blackhawks vs 6 for Nashville Predators.

3rd period


0:01 of 3rd period - Tanner Kero wins face-off versus Joe Thornton in neutral zone.
0:12 of 3rd period - Snap shot by Andrew Ladd.
0:12 of 3rd period - Shot Blocked by Kevin Fiala.
0:26 of 3rd period - Cam Atkinson is hit by Ryan Hartman and loses puck.
0:32 of 3rd period - Off-side.
0:33 of 3rd period - Artem Anisimov wins face-off versus Colton Sissons in neutral zone.
0:40 of 3rd period - Snap shot by Patrick Kane.
0:40 of 3rd period - Goal by Patrick Kane - Chicago Blackhawks : 1 - Nashville Predators : 2.
0:41 of 3rd period - Tanner Kero wins face-off versus Joe Thornton in neutral zone.
0:50 of 3rd period - Slapshot by David Kampf.
0:50 of 3rd period - Deflect By Andrew Ladd.
0:50 of 3rd period - Shot Misses the Net.
0:50 of 3rd period - Puck is out of play.
0:51 of 3rd period - David Kampf wins face-off versus Joe Thornton in Nashville Predators zone.
0:52 of 3rd period - Wrist shot by Andrew Ladd.
0:52 of 3rd period - Shot Misses the Net.
0:54 of 3rd period - Backhand shot by Tanner Kero.
0:54 of 3rd period - Deflect By David Kampf.
0:54 of 3rd period - Shot Misses the Net.
0:54 of 3rd period - Puck is out of play.
0:55 of 3rd period - Ryan Johansen wins face-off versus Alex DeBrincat in Nashville Predators zone.
1:10 of 3rd period - Wrist shot by Denis Malgin.
1:10 of 3rd period - Stopped by Pekka Rinne without a rebound.
1:11 of 3rd period - Artem Anisimov wins face-off versus Craig Smith in Nashville Predators zone.
1:43 of 3rd period - Snap shot by Colton Sissons.
1:43 of 3rd period - Shot Blocked by David Kampf.
2:03 of 3rd period - Wrist shot by Alex DeBrincat.
2:03 of 3rd period - Shot Misses the Net.
2:35 of 3rd period - Anthony Mantha is hit by Matt Irwin and loses puck.
3:02 of 3rd period - Wrist shot by Andrew Ladd.
3:02 of 3rd period - Stopped by Pekka Rinne without a rebound.
3:03 of 3rd period - Ryan Johansen wins face-off versus Ryan Hartman in Nashville Predators zone.
3:03 of 3rd period - Ryan Johansen is hit by Ryan Hartman.
3:09 of 3rd period - Snap shot by Ryan Johansen.
3:09 of 3rd period - Stopped by Corey Crawford without a rebound.
3:10 of 3rd period - Ryan Johansen wins face-off versus Victor Ejdsell in Chicago Blackhawks zone.
3:11 of 3rd period - Wrist shot by Cam Atkinson.
3:11 of 3rd period - Stopped by Corey Crawford without a rebound.
3:12 of 3rd period - Victor Ejdsell wins face-off versus Ryan Johansen in Chicago Blackhawks zone.
3:21 of 3rd period - Wrist shot by Filip Forsberg.
3:21 of 3rd period - Stopped by Corey Crawford with a rebound.
3:23 of 3rd period - Backhand shot by Roman Josi.
3:23 of 3rd period - Stopped by Corey Crawford without a rebound.
3:24 of 3rd period - Kevin Fiala wins face-off versus Denis Malgin in Chicago Blackhawks zone.
3:25 of 3rd period - Backhand shot by Joe Thornton.
3:25 of 3rd period - Deflect By Kevin Fiala.
3:25 of 3rd period - Shot Blocked by Seth Jones.
3:25 of 3rd period - Puck is out of play.
3:26 of 3rd period - Joe Thornton wins face-off versus Denis Malgin in Chicago Blackhawks zone.
3:37 of 3rd period - Snap shot by Alex DeBrincat.
3:37 of 3rd period - Stopped by Pekka Rinne with a rebound.
3:39 of 3rd period - Slapshot by Duncan Keith.
3:39 of 3rd period - Stopped by Pekka Rinne without a rebound.
3:40 of 3rd period - Colton Sissons wins face-off versus Artem Anisimov in Nashville Predators zone.
4:05 of 3rd period - Roman Josi is hit by Seth Jones and loses puck.
4:14 of 3rd period - Filip Forsberg is hit by Seth Jones and loses puck.
4:31 of 3rd period - Wrist shot by Joe Thornton.
4:31 of 3rd period - Deflect By Craig Smith.
4:31 of 3rd period - Shot Blocked by Ryan Hartman.
4:31 of 3rd period - Puck is out of play.
4:32 of 3rd period - Victor Ejdsell wins face-off versus Joe Thornton in Chicago Blackhawks zone.
4:57 of 3rd period - Jan Rutta is hit by Scott Hartnell and loses puck.
5:03 of 3rd period - Off-side.
5:04 of 3rd period - Mike Fisher wins face-off versus Artem Anisimov in neutral zone.
5:12 of 3rd period - Snap shot by Gabriel Bourque.
5:12 of 3rd period - Shot Misses the Net.
5:48 of 3rd period - Snap shot by Ryan Johansen.
5:48 of 3rd period - Stopped by Corey Crawford with a rebound.
6:05 of 3rd period - Matt Irwin is hit by Ryan Hartman and loses puck.
6:14 of 3rd period - Wrist shot by Ryan Hartman.
6:14 of 3rd period - Stopped by Pekka Rinne without a rebound.
6:15 of 3rd period - Joe Thornton wins face-off versus Artem Anisimov in Nashville Predators zone.
6:17 of 3rd period - Minor Penalty to Shea Weber for Holding.
6:18 of 3rd period - David Kampf wins face-off versus Mike Fisher in Nashville Predators zone.
6:24 of 3rd period - Snap shot by David Kampf.
6:24 of 3rd period - Shot Misses the Net.
6:42 of 3rd period - Anthony Mantha is hit by Colton Sissons and loses puck.
6:55 of 3rd period - Minor Penalty to Anthony Mantha for Holding.
6:56 of 3rd period - Ryan Johansen wins face-off versus Artem Anisimov in Chicago Blackhawks zone.
7:03 of 3rd period - Ryan Johansen is hit by Seth Jones and loses puck.
7:22 of 3rd period - Kyle Quincey is hit by Victor Ejdsell.
7:42 of 3rd period - Richard Panik is hit by Mattias Ekholm and loses puck.
7:49 of 3rd period - Mattias Ekholm is hit by Richard Panik and loses puck.
8:17 of 3rd period - Penalty to Shea Weber is over, Shea Weber is back on ice.
8:32 of 3rd period - Slapshot by Seth Jones.
8:32 of 3rd period - Stopped by Pekka Rinne without a rebound.
8:33 of 3rd period - Joe Thornton wins face-off versus Tanner Kero in Nashville Predators zone.
8:33 of 3rd period - Joe Thornton is hit by Andrew Ladd.
8:55 of 3rd period - Penalty to Anthony Mantha is over, Anthony Mantha is back on ice.
9:02 of 3rd period - Icing by Brent Seabrook.
9:03 of 3rd period - Tanner Kero wins face-off versus Mike Fisher in Chicago Blackhawks zone.
9:10 of 3rd period - Slapshot by Seth Jones.
9:10 of 3rd period - Deflect By Richard Panik.
9:10 of 3rd period - Shot Misses the Net.
9:10 of 3rd period - Puck is out of play.
9:11 of 3rd period - Ryan Johansen wins face-off versus Denis Malgin in Nashville Predators zone.
9:11 of 3rd period - Ryan Johansen is hit by Richard Panik.
9:17 of 3rd period - Alex DeBrincat is hit by Filip Forsberg and loses puck.
9:36 of 3rd period - Colton Sissons is hit by Seth Jones and loses puck.
9:47 of 3rd period - Snap shot by David Kampf.
9:47 of 3rd period - Stopped by Pekka Rinne with a rebound.
10:01 of 3rd period - Kevin Fiala is hit by Patrick Kane and loses puck.
10:59 of 3rd period - Snap shot by Joe Thornton.
10:59 of 3rd period - Stopped by Corey Crawford with a rebound.
11:14 of 3rd period - Brent Seabrook is hit by Kyle Quincey and loses puck.
11:29 of 3rd period - Snap shot by Anthony Mantha.
11:29 of 3rd period - Deflect By Nick Schmaltz.
11:29 of 3rd period - Shot Misses the Net.
11:29 of 3rd period - Puck is out of play.
11:30 of 3rd period - Victor Ejdsell wins face-off versus Ryan Johansen in Nashville Predators zone.
11:47 of 3rd period - Nick Schmaltz is hit by Ryan Johansen and loses puck.
12:14 of 3rd period - Roman Josi is hit by Duncan Keith and loses puck.
12:19 of 3rd period - Snap shot by Nick Schmaltz.
12:19 of 3rd period - Shot Misses the Net.
12:21 of 3rd period - Slapshot by Seth Jones.
12:21 of 3rd period - Stopped by Pekka Rinne without a rebound.
12:22 of 3rd period - Tanner Kero wins face-off versus Joe Thornton in Nashville Predators zone.
12:23 of 3rd period - Snap shot by Andrew Ladd.
12:23 of 3rd period - Stopped by Pekka Rinne with a rebound.
12:47 of 3rd period - Gabriel Bourque is hit by Artem Anisimov and loses puck.
13:00 of 3rd period - Wrist shot by Patrick Kane.
13:00 of 3rd period - Shot Misses the Net.
13:10 of 3rd period - Slapshot by Richard Panik.
13:10 of 3rd period - Stopped by Pekka Rinne with a rebound.
13:14 of 3rd period - Snap shot by Alex DeBrincat.
13:14 of 3rd period - Shot Misses the Net.
13:34 of 3rd period - Minor Penalty to Mike Fisher for Tripping.
13:35 of 3rd period - David Kampf wins face-off versus Austin Watson in Nashville Predators zone.
15:34 of 3rd period - Penalty to Mike Fisher is over, Mike Fisher is back on ice.
15:35 of 3rd period - Kyle Quincey is hit by Ryan Hartman and loses puck.
16:31 of 3rd period - Kyle Quincey is hit by Connor Murphy and loses puck.
17:25 of 3rd period - Icing by Nick Schmaltz.
17:26 of 3rd period - Joe Thornton wins face-off versus Nick Schmaltz in Chicago Blackhawks zone.
17:27 of 3rd period - Slapshot by Roman Josi.
17:27 of 3rd period - Stopped by Corey Crawford without a rebound.
17:28 of 3rd period - Denis Malgin wins face-off versus Colton Sissons in Chicago Blackhawks zone.
18:08 of 3rd period - Chicago Blackhawks, Corey Crawford is pulled from the net.
18:08 of 3rd period - Slapshot by Brent Seabrook.
18:08 of 3rd period - Deflect By Cam Atkinson.
18:08 of 3rd period - Stopped by Pekka Rinne without a rebound.
18:09 of 3rd period - Ryan Hartman wins face-off versus Ryan Johansen in Nashville Predators zone.
18:18 of 3rd period - Snap shot by Nick Schmaltz.
18:18 of 3rd period - Stopped by Pekka Rinne with a rebound.
18:20 of 3rd period - Wrist shot by Ryan Hartman.
18:20 of 3rd period - Deflect By Shea Weber.
18:20 of 3rd period - Shot Blocked by Filip Forsberg.
18:20 of 3rd period - Puck is out of play.
18:21 of 3rd period - Colton Sissons wins face-off versus Tanner Kero in Nashville Predators zone.
18:21 of 3rd period - Colton Sissons is hit by David Kampf.
18:50 of 3rd period - Slapshot by Mattias Ekholm.
18:50 of 3rd period - Deflect By Mike Fisher.
18:50 of 3rd period - Shot Blocked by Jan Rutta.
18:50 of 3rd period - Puck is out of play.
18:51 of 3rd period - Joel Quenneville call a timeout for Chicago Blackhawks.
18:51 of 3rd period - Corey Crawford from Chicago Blackhawks was sent back in the game.
18:51 of 3rd period - Mike Fisher wins face-off versus Anthony Mantha in Chicago Blackhawks zone.
18:58 of 3rd period - Snap shot by Roman Josi.
18:58 of 3rd period - Stopped by Corey Crawford without a rebound.
18:59 of 3rd period - Mike Fisher wins face-off versus Nick Schmaltz in Chicago Blackhawks zone.
19:02 of 3rd period - Slapshot by Colton Sissons.
19:02 of 3rd period - Stopped by Corey Crawford without a rebound.
19:03 of 3rd period - Mike Fisher wins face-off versus Anthony Mantha in Chicago Blackhawks zone.
19:06 of 3rd period - Wrist shot by Mike Fisher.
19:06 of 3rd period - Shot Misses the Net.
19:08 of 3rd period - Wrist shot by Roman Josi.
19:08 of 3rd period - Shot Misses the Net.
19:48 of 3rd period - Snap shot by Mike Fisher.
19:48 of 3rd period - Stopped by Corey Crawford without a rebound.
19:49 of 3rd period - Mike Fisher wins face-off versus Anthony Mantha in Chicago Blackhawks zone.
19:50 of 3rd period - Wrist shot by Colton Sissons.
19:50 of 3rd period - Stopped by Corey Crawford without a rebound.
19:51 of 3rd period - Mike Fisher wins face-off versus Anthony Mantha in Chicago Blackhawks zone.
19:52 of 3rd period - Snap shot by Colton Sissons.
19:52 of 3rd period - Stopped by Corey Crawford without a rebound.
19:53 of 3rd period - Anthony Mantha wins face-off versus Mike Fisher in Chicago Blackhawks zone.
19:53 of 3rd period - Anthony Mantha is hit by Roman Josi.
19:59 of 3rd period - Wrist shot by Colton Sissons.
19:59 of 3rd period - Deflect By Mike Fisher.
19:59 of 3rd period - Stopped by Corey Crawford without a rebound.
Goals for this period are 1 for Chicago Blackhawks vs 0 for Nashville Predators.
Shots for this period are 13 for Chicago Blackhawks vs 13 for Nashville Predators.